 Dungeon Crawl Stone Soup version 0.19.1-1-g22dce08 (webtiles) character file.

340 Pytinka the Firebug (level 6, -7/24 HPs)
             Began as a Felid Fire Elementalist on Dec 30, 2016.
             Mangled by Duvessa
             ... wielding a +2 vampiric rapier
              (9 damage)
             ... on level 4 of the Dungeon.
             The game lasted 00:10:24 (5126 turns).

Pytinka the Firebug (Felid Fire Elementalist)       Turns: 5126, Time: 00:10:24

Health: -7/24      AC:  2    Str:  4    XL:     6   Next: 30%
Magic:  11/12      EV: 18    Int: 19    God:
Gold:   156        SH:  0    Dex: 16    Spells: 1 memorised, 10 levels left
                                        Lives:  0   Deaths: 1

rFire  + . .     SeeInvis +     (weapon unavailable)
rCold  . . .     Gourm    .     (armour unavailable)
rNeg   . . .     Faith    .     (shield unavailable)
rPois  +         Spirit   .     (helmet unavailable)
rElec  .         Reflect  .     (cloak unavailable)
rCorr  .         Harm     .     (gloves unavailable)
MR     .....                    (boots unavailable)
Stlth  +++.......               (no amulet)
                                o - ring of protection from fire
                                d - ring of poison resistance

@: quick
A: no armour, no weapons or thrown items, stealth, claws 1, fangs 3, see
invisible, carnivore 3, speed 1, shaggy fur 2, slow metabolism 1, sharp paws
a: no special abilities


You were on level 4 of the Dungeon.
You were completely stuffed.

You visited 1 branch of the dungeon, and saw 4 of its levels.

You collected 156 gold pieces.

Inventory:

Jewellery
 d - a ring of poison resistance (left paw)
 o - a ring of protection from fire (right paw)
Wands
 p - a wand of lightning (5/15)
Scrolls
 f - 2 scrolls of immolation {unknown}
 g - a scroll of fog {unknown}
 h - 2 scrolls of identify {unknown}
 l - 2 scrolls of magic mapping {unknown}
 q - a scroll of amnesia {unknown}
 s - a scroll of noise {unknown}
 t - a scroll of enchant armour {unknown}
Potions
 c - a potion of magic {unknown}
 e - a potion of mutation {unknown}
 i - a potion of berserk rage {unknown}
 k - a potion of brilliance {unknown}
 m - 3 potions of degeneration {unknown}
 n - a potion of flight {unknown}
 r - 2 potions of curing {unknown}
 u - 2 potions of haste {unknown}
Books
 a - a book of Flames

   Spells                             Type                      Level
   a - Flame Tongue                   Conjuration/Fire             1
   b - Throw Flame                    Conjuration/Fire             2
   c - Conjure Flame                  Conjuration/Fire             3
   d - Inner Flame                    Hexes/Fire                   3
   e - Sticky Flame                   Conjuration/Fire             4
   f - Fireball                       Conjuration/Fire             5
Comestibles
 b - 2 meat rations
 j - 2 beef jerkies
 v - 3 chunks of flesh
 w - a slice of pizza


   Skills:
 - Level 2.8 Dodging
 - Level 2.6 Stealth
 - Level 0.2 Unarmed Combat
 + Level 3.3 Spellcasting
 + Level 2.3 Conjurations
 + Level 5.5 Fire Magic


You had 10 spell levels left.
You knew the following spells:

 Your Spells              Type           Power        Failure   Level  Hunger
a - Flame Tongue          Conj/Fire      ###..        3%          1    None


Dungeon Overview and Level Annotations

Branches:
Dungeon (4/15)
 Temple: D:4-7

Altars:

Annotations:
D:4 Duvessa; Elizilla's ghost, amateur FoFi


Innate Abilities, Weirdness & Mutations

You cannot wear armour.
You are incapable of wielding weapons or throwing items.
Your paws allow you to move quietly. (Stealth)
You have sharp claws.
You have razor-sharp teeth.
You have supernaturally acute eyesight. (SInv)
You are carnivorous and can eat meat at any time.
You cover ground quickly.
You are covered in thick fur. (AC +2)
You have a slow metabolism.
Your sharp claws are effective at attacking unaware monsters.


Message History

Press: ? - help, Shift-Dir - straight line, f/p - Elizilla's ghost
Aim: Elizilla's ghost The flame tongue hits Elizilla's ghost.
Elizilla's ghost is lightly damaged.
There is an open door here.
Duvessa goes berserk!
Duvessa rages.
Duvessa completely misses you. Duvessa closely misses you.
Duvessa hits you with a vampiric rapier!!
Ouch! That really hurt!
* * * LOW HITPOINT WARNING * * *
Duvessa closely misses you.
Things that are here:
a robe; a dagger
Items here: )) [[ a club; a leather armour x2; a flail
There is a stone staircase leading up here.
Duvessa hits you with a vampiric rapier!
You die...

........# ... #....
........# .. #....
........#..#####...
........#..#.....#
#########..#.....#
#....'....#.....#
+....#....#.....+
##..##'####....)#
####'#.......W[e@#
.....#......######
.....#......#
##.###......#
##.#........#
#.[#........+
#..#........#
#..#.........
#..#......)..


You could see Duvessa (berserk) and Elizilla's ghost.

Vanquished Creatures
  Menkaure (D:4)
  Dowan (D:4)
  Crazy Yiuf (D:3)
  2 orc wizards
  Robin (D:1)
  3 adders
  2 dart slugs
  2 leopard geckos (D:2)
  11 orcs
  A ball python (D:1)
  5 giant cockroaches
  15 goblins
  7 hobgoblins
  6 jackals
  8 kobolds
  A quokka (D:3)
  5 bats
  6 frilled lizards
  8 rats
86 creatures vanquished.

Notes
Turn   | Place    | Note
-------+----------+-------------------------------------------
     0 | D:1      | Pytinka the Felid Fire Elementalist began the quest for the Orb.
     0 | D:1      | Reached XP level 1. HP: 7/7 MP: 4/4
   340 | D:1      | Reached skill level 1 in Conjurations
   649 | D:1      | Reached skill level 3 in Fire Magic
   660 | D:1      | Reached XP level 2. HP: 11/11 MP: 1/6
  1157 | D:2      | Noticed Robin
  1224 | D:1      | Reached XP level 3. HP: 5/14 MP: 2/7
  1231 | D:1      | Killed Robin
  1624 | D:2      | Reached skill level 4 in Fire Magic
  2488 | D:3      | Reached XP level 4. HP: 18/18 MP: 6/8
  3220 | D:3      | Found a runed door.
  3224 | D:3      | Noticed Crazy Yiuf
  3241 | D:3      | Slain by Crazy Yiuf
  3242 | D:3      | Reached XP level 3. HP: -2/14 MP: 1/7
  3302 | D:3      | Killed Crazy Yiuf
  3302 | D:3      | Reached XP level 4. HP: 15/18 MP: 3/8
  3771 | D:2      | Reached skill level 5 in Fire Magic
  4346 | D:3      | Reached XP level 5. HP: 21/21 MP: 4/9
  4603 | D:4      | Noticed Dowan
  4606 | D:4      | Noticed Duvessa
  4835 | D:4      | Noticed Menkaure
  4839 | D:4      | Killed Menkaure
  4900 | D:4      | Gained mutation: You are covered in thick fur. (AC +2) [Felid growth]
  4900 | D:4      | Reached XP level 6. HP: 16/24 MP: 4/11
  5026 | D:4      | Killed Dowan
  5101 | D:4      | Noticed Elizilla's ghost (amateur FoFi)
  5122 | D:4      | HP: 1/24 [Duvessa/vampiric rapier (23)]
  5126 | D:4      | Mangled by Duvessa

Skill      XL: |  1  2  3  4  5 |
---------------+----------------+-----
Conjurations   | 1 2 |  2.3
Fire Magic     | 3 4 5 |  5.5
Spellcasting   | 3 |  3.3
Dodging        | |  2.8
Stealth        | |  2.6
Unarmed Combat | |  0.2

Action                   |  1- 3 |  4- 6 || total
-------------------------+-------+-------++-------
Melee: Unarmed           |    75 |    10 ||    85
       Bite              |     5 |     1 ||     6
 Cast: Flame Tongue      |    59 |   108 ||   167
Evoke: Wand              |       |     2 ||     2
  Use: Scroll            |     1 |       ||     1
       Potion            |     1 |       ||     1
 Stab: Sleeping          |     2 |       ||     2
  Eat: Chunk             |    12 |    11 ||    23
Armor: Skin              |    12 |     1 ||    13
Dodge: Dodged            |    72 |    60 ||   132
